 Dungeon Crawl Stone Soup version 0.31-a0-662-g684573625c (webtiles) character file.

Game seed: 4200666536533269129

58 jlumianski the Trooper (level 3, -3/29 HPs)
             Began as a Demonspawn Fighter on Aug 31, 2023.
             Succumbed to a goblin's poison
             ... on level 1 of the Dungeon.
             The game lasted 00:03:31 (871 turns).

jlumianski the Trooper (Demonspawn Fighter)          Turns: 871, Time: 00:03:31

Health: -3/29      AC: 11    Str: 18    XL:     3   Next: 75%
Magic:  12/12      EV:  7    Int:  9    God:
Gold:   102        SH:  4    Dex: 12    Spells: 2/2 levels left

rFire   . . .        a - +0 war axe
rCold   . . .        c - +0 buckler
rNeg    . . .        e - +0 chain mail
rPois   .            (no helmet)
rElec   .            (no cloak)
rCorr   .            (no gloves)
SInv    .            (no boots)
Will    .....        (no amulet) Stlth
                     f - ring of magical power
HPRegen 0.24/turn    (no ring)
MPRegen 0.13/turn

%: no passive effects
@: lethally poisoned (-3 -> -24), attractive
A: claws 1, molten scales 1
a: no special abilities


You were on level 1 of the Dungeon.
You visited 1 branch of the dungeon, and saw 3 of its levels.

You collected 102 gold pieces.

Inventory:

Hand Weapons
 a - a +0 war axe (weapon)
 g - a +0 dagger
Armour
 b - a +0 scale mail
 c - a +0 buckler (worn)
 e - a +0 chain mail (worn)
Jewellery
 f - a ring of magical power (left claw)
 l - an amulet of faith
Scrolls
 h - a scroll of enchant weapon {unknown}
 m - a scroll of fog {unknown}
Potions
 d - a potion of might
 i - a potion of attraction
 j - a potion of haste {unknown}
 k - 2 potions of heal wounds {unknown}


   Skills:
 + Level 3.3 Fighting
 + Level 2.9 Axes
 + Level 2.9 Armour
 + Level 3.1 Shields


You had 2 spell levels left.
You didn't know any spells.
Your spell library contained the following spells:

 Spells                   Type           Power      Damage    Failure   Level
 Blink                    Tloc           0%         N/A       100%        2
 Lesser Beckoning         Tloc           0%         N/A       100%        2
 Momentum Strike          Conj/Tloc      0%         3d8       100%        2


Dungeon Overview and Level Annotations

Branches:
Dungeon (3/15)

Altars:

Annotations:
D:2 Sigmund


Innate Abilities, Weirdness & Mutations

You have sharp fingernails.
You are partially covered in molten scales. (AC +2)


Message History

Moving in this stuff is going to be slow.
Things that are here:
a +0 whip; a kobold skeleton You now have 102 gold pieces (gained 15).
An endoplasm comes into view.
A goblin comes into view. It is wielding a +0 dagger of venom.
The goblin shouts!
The endoplasm freezes you.
You are frozen.
You barely miss the endoplasm. The endoplasm freezes you.
You are frozen.
You hit the endoplasm but do no damage.
The endoplasm hits you but does no damage. x2
You hit the endoplasm.
The endoplasm is severely wounded.
You barely miss the goblin. You block the goblin's attack.
The endoplasm freezes you.
You are frozen.
You slash the endoplasm!
You kill the endoplasm!
You barely miss the goblin.
The goblin hits you with a +0 dagger of venom.
You are poisoned.
You feel sick.
The goblin hits you with a +0 dagger of venom.
You are more poisoned.
You closely miss the goblin.
You feel very sick. The goblin hits you but does no damage.
You are lethally poisoned!
The goblin hits you but does no damage.
You are more poisoned.
You barely miss the goblin.
* * * LOW HITPOINT WARNING * * *
You feel extremely sick. The goblin barely misses you.
It was a potion of attraction.
You feel attractive to monsters.
You die...

#.# #...# #.#
#.###.### #.#
##...## ## ####
#.# ##.## #. ..#
#.# #.# #. #.#
#.# #.#
#####.####.####.#
#.#
#...............#
#.#
#........######
#.# #.#.@....#
#.. .......g....#
### ##.####.....#
....#### ######


You could see a goblin.

Vanquished Creatures
  An adder (D:2)
  6 ball pythons
  5 endoplasms
  3 giant cockroaches
  8 goblins
  5 hobgoblins
  3 jackals (D:1)
  A quokka (D:1)
  2 bats (D:1)
  2 frilled lizards (D:1)
  4 kobolds (D:1)
  4 rats
44 creatures vanquished.

Notes
Turn   | Place    | Note
-------+----------+-------------------------------------------
     0 | D:1      | jlumianski the Demonspawn Fighter began the quest for the
                  | Orb.
     0 | D:1      | Reached XP level 1. HP: 18/18 MP: 1/1
   207 | D:1      | Gained mutation: You are partially covered in molten
                  | scales. (AC +2) [demonic ancestry]
   207 | D:1      | Reached XP level 2. HP: 23/24 MP: 2/2
   293 | D:2      | Noticed Sigmund
   331 | D:1      | Gained mutation: You have sharp fingernails. [demonic
                  | ancestry]
   331 | D:1      | Reached XP level 3. HP: 29/29 MP: 3/3
   871 | D:1      | Succumbed to a goblin's poison

Illustrated notes

Levels and vault maps discovered:
D:1:      lemuel_arrival_muddy, layout_loops_cross, minmay_octomino_c4
D:2:      layout_rooms, serial_shops, nicolae_shop_tiny_waterfront,
          st_stairs_13, uniq_sigmund
D:3:      layout_basic, mainiacjoe_overflow_catwalk,
          minmay_overflow_temple_star_hex, serial_shops, nicolae_shop_peninsula

Skill      XL: |  1  2 |
---------------+-------+-----
Axes           | 2 |  2.9
Shields        | 3 |  3.1
Fighting       | |  3.3
Armour         | |  2.9

Action                     || total
---------------------------++-------
  Melee: War axe           ||    86
    Use: Potion            ||     1
 Armour: Chain mail        ||    64
  Dodge: Dodged            ||    26
  Block: Buckler           ||    29

Table legend: (Time is in decaauts)
 A = Elapsed time spent in this place.
 B = Non-inter-level travel time spent in this place.
 C = Inter-level travel time spent in this place.
 D = Time resting spent in this place.
 E = Time spent auto-exploring this place.
 F = Levels seen in this place.
 G = Mean time per level.
                   A        B        C        D        E       F      G
               +--------+--------+--------+--------+--------+-----+--------+
         Total |    911 |    911 |      0 |      0 |    476 |   3 |  303.7 |
       Dungeon |    911 |    911 |      0 |      0 |    476 |   3 |  303.7 |
               +--------+--------+--------+--------+--------+-----+--------+

Top non-repeatable levels by time:
     D:1: 803 daAuts
     D:2: 84 daAuts
     D:3: 23 daAuts
